 Dungeon Crawl Stone Soup version 0.24-a0-271-ga0fc33f724 (webtiles) character file.

Game seed: 18379973615372165874

62338 GordonOverkill the Grappler (level 14, -5/183 HPs)
             Began as a Demigod Transmuter on Apr 23, 2019.
             Slain by Frances
             ... wielding a +4 dire flail of venom
              (12 damage)
             ... on level 11 of the Dungeon.
             The game lasted 01:07:52 (29030 turns).

GordonOverkill the Grappler (Demigod Transmuter)   Turns: 29030, Time: 01:07:52

Health: -5/183     AC: 16    Str: 24    XL:     14   Next: 27%
Magic:  21/28      EV: 20    Int: 24    God:
Gold:   1705       SH:  0    Dex: 16    Spells: 13/27 levels left

rFire    . . .     SeeInvis .     - Unarmed
rCold    . . .     Gourm    +   (shield currently unavailable)
rNeg     . . .     Faith    .   G - +2 leather armour {MR+}
rPois    .         Spirit   .   c - +2 hat {MR+}
rElec    .         Reflect  .   h - +2 cloak
rCorr    .         Harm     .   (gloves currently unavailable)
MR       +++..                  k - +0 pair of boots
Stlth    ..........             q - amulet of the gourmand
HPRegen  0.40/turn              i - +4 ring of protection
MPRegen  0.21/turn              z - +5 ring of evasion

@: brilliant, berserking, blade hands (expiring), very slightly contaminated,
very quick
A: high mp 1
a: End Transformation


You were on level 11 of the Dungeon.
You were very full.
You had blades for hands.
You visited 2 branches of the dungeon, and saw 18 of its levels.

You collected 1913 gold pieces.
You spent 208 gold pieces at shops.

Inventory:

Missiles
 a - 218 arrows
 u - 18 tomahawks (quivered)
 v - 2 throwing nets
 N - 8 tomahawks of returning
Armour
 c - a +2 hat of magic resistance (worn)
 h - a +2 cloak (worn)
 k - a +0 pair of boots (worn)
 m - the +1 pair of gloves "Veutau" (melded) {rN+ rCorr Dex+4}
   (You acquired it on level 2 of the Lair of Beasts)

   It affects your dexterity (+4).
   It protects you from negative energy.
   It provides partial protection from all sources of acid and corrosion.
 D - a +1 leather armour of cold resistance
 G - a +2 leather armour of magic resistance (worn)
Jewellery
 i - a +4 ring of protection (left scythe-like blade)
 q - an amulet of the gourmand (around neck)
 x - an uncursed ring of magical power
 z - a +5 ring of evasion (right scythe-like blade)
 A - an uncursed ring of flight
 C - an uncursed ring of see invisible
 I - a cursed ring of positive energy
 L - an uncursed ring of positive energy
 S - an uncursed ring of protection from cold
Wands
 r - a wand of iceblast (10)
 t - a wand of flame (65)
 w - a wand of digging (12)
 y - a wand of paralysis (9)
 F - a wand of acid (7)
 J - a wand of disintegration (26)
Scrolls
 e - 13 scrolls of remove curse
 g - 3 scrolls of identify
 j - 2 scrolls of fear
 l - 4 scrolls of teleportation
 n - 2 scrolls of immolation
 p - 6 scrolls of amnesia
 P - 2 scrolls of magic mapping
Potions
 b - a potion of magic
 f - 10 potions of curing
 o - 3 potions of agility
 B - 3 potions of flight
 E - a potion of berserk rage
 H - a potion of lignification
 M - 2 potions of might
 R - a potion of brilliance
 V - 4 potions of mutation
Comestibles
 d - 28 rations
 s - a chunk of flesh


   Skills:
 + Level 10.9 Fighting
 - Level 7.0 Armour
 + Level 4.8 Dodging
   Level 5.0 Shields
 + Level 13.6 Unarmed Combat
 - Level 7.0 Spellcasting
 - Level 11.0 Transmutations
 - Level 4.0 Evocations


You had 13 spell levels left.
You knew the following spells:

 Your Spells              Type           Power        Failure   Level  Hunger
b - Sticks to Snakes      Tmut           ######..     1%          2    None
c - Spider Form           Tmut/Pois      #####.....   3%          3    None
d - Blade Hands           Tmut           ######....   2%          5    #####..
e - Ice Form              Ice/Tmut       #####...     5%          4    ###....

Your spell library contained the following spells:

 Spells                   Type           Power        Failure   Level  Hunger
 Beastly Appendage        Tmut           ######       1%          1    None
 Magic Dart               Conj           ###.         5%          1    None
 Searing Ray              Conj           ###...       7%          2    None
 Dazzling Spray           Conj/Hex       ###...       11%         3    None
 Force Lance              Conj/Tloc      ###.....     22%         4    ###....
 Fulminant Prism          Conj/Hex       ###.......   22%         4    ###....
 Iskenderun's Mystic Bla  Conj           ###.....     22%         4    ###....


Dungeon Overview and Level Annotations

Branches:
Dungeon (12/15)            Temple (0/1) D:7            Lair (6/6) D:9
 Shoals (0/4) Lair:3       Spider (0/4) Lair:3        Slime (0/5) Lair:5
    Orc (0/2) D:9

Shops:
D:5 }   D:8 !

Annotations:
D:6 3 runed translucent doors, pentaxis93's ghost, novice MiFi
D:11 Frances


Innate Abilities, Weirdness & Mutations

You have an increased reservoir of magic. (+10% MP)


Message History

Frances mutters in a terrible tongue.
The iron shot hits you!!
* * * LOW HITPOINT WARNING * * *
Okay, then.
Unknown command.
Unknown command.
Unknown command.
Okay, then.
Okay, then.
Okay, then.
You feel clever all of a sudden.
Your transformation is almost over.
The ice beast hits you but does no damage.
Frances closely misses you.
You are a level 14 Demigod Transmuter.
You are 27% of the way to level 15.
Play time: 01:07:50 (29030 turns) Unknown command.
A red film seems to cover your vision as you go berserk!
You feel yourself moving faster!
You feel mighty! The ice beast misses you.
Frances hits you with a +4 dire flail of venom!
You die...

.......#.#.#...#..##.............
.##......#.#.......#.............
..#.<..........................##
..)...[#.....#.......#........##
.###...#............###....####
.# #.....^....#..######.....#
.###..............# #.....##
...#.............Y# ##...##
.....#..........@.# #####
.....#.........@###
................#
##..#...........#
##########.##..## #######


You could see Frances and an ice beast.

Vanquished Creatures
  Rupert (Lair:5)
  Harold (D:11)
  5 hydras
  Erica (D:11)
  A catoblepas (Lair:5)
  2 two-headed ogres
  5 death yaks (Lair:5)
  An unseen horror (D:11)
  A manticore (D:11)
  3 ugly things (D:11)
  4 oklob plants (Lair:1)
  A black mamba (Lair:5)
  8 elephants
  Psyche (D:11)
  2 gargoyles
  29 spiny frogs
  5 komodo dragons
  3 rime drakes
  A queen bee (Lair:2)
  2 trolls
  A polar bear (Lair:2)
  A hornet (Lair:3)
  37 blink frogs
  5 tyrant leeches (Lair:6)
  2 dream sheep (D:9)
  10 hippogriffs
  2 shadows (D:11)
  A wyvern (D:9)
  37 yaks
  A hungry ghost (D:11)
  6 vampire mosquitoes (Lair:6)
  8 basilisks
  Edmund (D:4)
  10 water moccasins
  6 porcupines
  An ice beast (D:5)
  5 orc warriors
  A swamp drake (Lair:5)
  A sky beast (D:6)
  8 ogres
  4 phantoms
  17 wolves
  A necrophage (D:9)
  6 centaurs
  24 crocodiles
  8 big kobolds
  23 bullfrogs
  A wyvern zombie (D:11)
  5 jellies
  A water moccasin zombie (D:6)
  2 scorpions (Lair:3)
  16 wights
  24 killer bees
  6 crimson imps
  2 howler monkeys
  A bullfrog zombie (D:11)
  A centaur zombie (D:11)
  A quasit (D:8)
  A bullfrog skeleton (D:9)
  6 orc priests
  9 orc wizards
  5 centaur skeletons
  5 hounds
  9 worker ants
  Ijyb (D:4)
  10 iguanas
  A killer bee zombie (D:5)
  A hound zombie (D:11)
  A hound skeleton (D:4)
  A howler monkey zombie (D:5)
  4 gnolls (D:2)
  Robin (D:3)
  12 adders
  3 shadow imps
  2 oozes
  An adder skeleton (D:8)
  An adder zombie (D:6)
  3 worms
  7 leopard geckos
  67 orcs
  5 bats
  9 giant cockroaches
  14 goblins
  12 hobgoblins
  19 jackals
  30 kobolds
  6 quokkas
  A ball python skeleton (D:6)
  10 frilled lizards
  A quokka skeleton (D:6)
  10 rats
  A fungus (Lair:5)
  A plant (Lair:1)
634 creatures vanquished.

Vanquished Creatures (collateral kills)
  A polar bear (Lair:6)
  A water moccasin (D:6)
  A phantom (D:10)
  A centaur (D:6)
  A crocodile (Lair:5)
  A hound zombie (D:5)
  A leopard gecko (D:4)
  2 kobolds (D:11)
  A fungus (Lair:2)
10 creatures vanquished.

Vanquished Creatures (others)
  An iguana (Lair:5)
  2 frilled lizards (Lair:5)
  12 fungi
  33 plants
48 creatures vanquished.

Grand Total: 692 creatures vanquished

Notes
Turn   | Place    | Note
-------+----------+-------------------------------------------
     0 | D:1      | GordonOverkill the Demigod Transmuter began the quest for
                  | the Orb.
     0 | D:1      | Reached XP level 1. HP: 15/15 MP: 5/5
    66 | D:1      | Reached skill level 1 in Fighting
   306 | D:1      | Reached XP level 2. HP: 16/23 MP: 5/7
   309 | D:1      | Reached skill level 3 in Unarmed Combat
   318 | D:1      | Learned a level 2 spell: Sticks to Snakes
  1038 | D:2      | Reached XP level 3. HP: 24/28 MP: 5/8
  1360 | D:2      | Reached XP level 4. HP: 20/36 MP: 6/10
  1695 | D:2      | Learned a level 3 spell: Spider Form
  2046 | D:3      | Noticed Robin
  2303 | D:3      | Killed Robin
  2337 | D:3      | Reached skill level 4 in Unarmed Combat
  2337 | D:3      | Reached XP level 5. HP: 41/41 MP: 11/11
  2963 | D:3      | Found a snail-covered altar of Cheibriados.
  3158 | D:3      | You fall through a shaft for 3 floors!
  3172 | D:6      | Noticed a phantom
  3173 | D:6      | Noticed a centaur
  3175 | D:5      | Entered Level 5 of the Dungeon
  3207 | D:5      | Noticed a phantom
  3208 | D:5      | Noticed a centaur
  3210 | D:5      | Noticed a phantom
  3231 | D:6      | Killed a centaur
  3231 | D:6      | Reached XP level 6. HP: 19/50 MP: 8/13
  3621 | D:6      | Learned a level 5 spell: Blade Hands
  3650 | D:6      | Reached skill level 1 in Shields
  3858 | D:5      | Reached skill level 5 in Unarmed Combat
  3884 | D:6      | Reached XP level 7. HP: 33/57 MP: 14/14
  4067 | D:4      | Found a hazy altar of Hepliaklqana.
  4176 | D:4      | Noticed Edmund
  4233 | D:4      | Killed Edmund
  4390 | D:4      | Found an ancient bone altar of Kikubaaqudgha.
  4500 | D:4      | Reached skill level 1 in Evocations
  4880 | D:4      | Noticed Ijyb
  4885 | D:4      | Paralysed by Ijyb for 5 turns
  4901 | D:4      | Killed Ijyb
  5783 | D:5      | Reached skill level 6 in Unarmed Combat
  5889 | D:4      | Reached XP level 8. HP: 66/66 MP: 8/15
  6693 | D:5      | Found a basalt altar of Yredelemnul.
  6985 | D:5      | Found Xaimaf's Gadget Boutique.
  7274 | D:6      | Reached skill level 7 in Unarmed Combat
  8330 | D:6      | Reached skill level 1 in Armour
  8553 | D:6      | Found a runed translucent gate.
  8553 | D:6      | Found a runed translucent gate.
  8553 | D:6      | Found a runed translucent gate.
  8553 | D:6      | Noticed pentaxis93's ghost (novice MiFi)
  8598 | D:6      | Reached XP level 9. HP: 73/73 MP: 10/16
  8661 | D:6      | Found a sacrificial altar of Ru.
  8813 | D:7      | Reached skill level 5 in Fighting
  9185 | D:7      | Found a glowing golden altar of the Shining One.
  9202 | D:7      | Reached skill level 8 in Unarmed Combat
  9342 | D:7      | Found a staircase to the Ecumenical Temple.
 10193 | D:8      | Reached skill level 5 in Shields
 10662 | D:8      | Found Velaat's Distillery.
 10670 | D:8      | Bought a potion of curing for 39 gold pieces
 10670 | D:8      | Bought a potion of berserk rage for 65 gold pieces
 10670 | D:8      | Bought a potion of agility for 52 gold pieces
 10670 | D:8      | Bought a potion of might for 52 gold pieces
 10979 | D:9      | Reached skill level 9 in Unarmed Combat
 11432 | D:9      | Found a staircase to the Orcish Mines.
 11640 | D:9      | Reached XP level 10. HP: 79/81 MP: 15/17
 11685 | D:9      | Learned a level 4 spell: Ice Form
 11717 | D:9      | Reached skill level 5 in Transmutations
 11960 | D:9      | Noticed a three-headed hydra
 11967 | D:9      | Killed a three-headed hydra
 11967 | D:9      | Reached skill level 10 in Unarmed Combat
 12031 | D:9      | Reached skill level 5 in Armour
 12139 | D:9      | Found a staircase to the Lair.
 13419 | D:10     | Entered Level 10 of the Dungeon
 13850 | D:10     | Noticed a two-headed ogre
 13862 | D:10     | Killed a two-headed ogre
 13862 | D:10     | Reached XP level 11. HP: 81/89 MP: 16/19
 13929 | D:10     | Found a deep blue altar of Sif Muna.
 14461 | Lair:1   | Entered Level 1 of the Lair of Beasts
 14887 | Lair:1   | Reached skill level 11 in Unarmed Combat
 16450 | Lair:1   | Noticed a five-headed hydra
 16697 | D:9      | Killed a five-headed hydra
 18107 | Lair:2   | Reached skill level 12 in Unarmed Combat
 18475 | Lair:2   | Identified a scroll of acquirement
 18478 | Lair:2   | Got a pair of pitted gloves
 18489 | Lair:2   | Identified the +1 pair of gloves "Veutau" {rN+ rCorr Dex+4}
                  | (You acquired it on level 2 of the Lair of Beasts)
 18520 | Lair:2   | You fall through a shaft for 2 floors!
 18641 | Lair:4   | Reached skill level 10 in Transmutations
 18641 | Lair:4   | Reached XP level 12. HP: 87/100 MP: 15/20
 19426 | Lair:3   | Got a fine hat
 19430 | Lair:3   | Got a transparent shield
 19436 | Lair:3   | Identified the +0 shield "Uxtoebuh" {rPois rF- Dex+4} (You
                  | acquired it on level 3 of the Lair of Beasts)
 19454 | Lair:3   | Identified the +0 hat "Vosunlaw" {*Corrode rC+ rN+ SInv}
                  | (You acquired it on level 3 of the Lair of Beasts)
 19786 | Lair:3   | Found a hole to the Spider Nest.
 19946 | Lair:3   | Found a staircase to the Shoals.
 22081 | Lair:5   | Reached skill level 5 in Spellcasting
 22498 | Lair:5   | Noticed a catoblepas
 22507 | Lair:5   | Killed a catoblepas
 22887 | Lair:5   | Found a staircase to the Slime Pits.
 23083 | Lair:6   | Entered Level 6 of the Lair of Beasts
 23101 | Lair:6   | Reached XP level 13. HP: 87/108 MP: 20/25
 23500 | Lair:6   | Noticed Rupert
 23535 | Lair:5   | Killed Rupert
 23535 | Lair:5   | Reached skill level 13 in Unarmed Combat
 25111 | Lair:5   | Reached skill level 10 in Fighting
 27664 | D:11     | Reached XP level 14. HP: 122/122 MP: 23/28
 27870 | D:11     | Noticed Psyche
 27876 | D:11     | Paralysed by Psyche for 4 turns
 27882 | D:11     | Killed Psyche
 27989 | D:11     | Noticed Erica
 27997 | D:11     | Killed Erica
 28008 | D:11     | Noticed Harold
 28386 | D:11     | Killed Harold
 29013 | D:12     | Noticed Frances
 29028 | D:11     | HP: 4/122 [Frances/iron shot (34)]
 29030 | D:11     | Slain by Frances

Levels and vault maps discovered:
D:1:      lemuel_arrival_tunnels, layout_basic
D:2:      layout_basic, small_statue_intersection
D:3:      layout_rooms, nicolae_overflow_crystal_walls, first_ration, uniq_robin
D:4:      layout_basic, old_standard_altar, lemuel_doored_altar,
          lexackson_kobold_supper, uniq_edmund, uniq_ijyb
D:5:      layout_layer_cave, old_standard_altar, serial_shops,
          kennysheep_little_box
D:6:      layout_loops_ring, nicolae_ru_the_path_less_chosen,
          gammafunk_ghost_necromancy, columned_hall_lemuel
D:7:      layout_loops_ring, tso_metal_star, minmay_temple_entry_trees
D:8:      layout_gridville, serial_shops, nicolae_shop_stone
D:9:      layout_gridville, david_lair_generic, orc_0_dummy, hangedman_ranch
          [blue_anna_fruit_fields]
D:10:     layout_roguey, basic_altar, serial_co_window_serial,
          co_window_paths_b, co_window_paths_a, co_window_corner_a,
          co_window_paths_a, co_window_of_opportunity_a, co_window_2corner,
          co_window_broadway_c, co_window_corner_b, glass_columns_c,
          glass_columns_b, glass_columns_a, glass_columns_c,
          kennysheep_generic_room_7
D:11:     minmay_the_grid_square_5x5_3x3 [minmay_the_grid_square_5x5_tri_point,
          minmay_the_grid_square_5x5_fat_x, minmay_the_grid_square_5x5_dogpile,
          minmay_the_grid_square_5x5_corner,
          minmay_the_grid_square_5x5_megaprize_hollow,
          minmay_the_grid_square_5x5_inner_i,
          minmay_the_grid_square_5x5_moneybag,
          minmay_the_grid_square_5x5_spiral, minmay_the_grid_square_5x5_seven],
          layout_cave_pools, uniq_psyche, uniq_erica, uniq_harold
D:12:     layout_rooms, uniq_frances
Lair:1:   minmay_lair_oklob_tunnel, layout_gridlike, st_stairs_7,
          serial_bayou_pond_e, minivault_25
Lair:2:   layout_layer_cave, special_room [special_room_bee], st_stairs_4
Lair:3:   layout_hall_layers, elwin_shoals_entry_rocks,
          nicolae_spider_entry_non_spiders, grunt_megastairs_5,
          lemuel_fruit_tree
Lair:4:   layout_gridlike, beast_lair_carwin_9
Lair:5:   lemuel_reptile_caves, layout_loops_ring, slime_dummy,
          nicolae_lair_yak_garden
Lair:6:   minmay_lair_end_frog_pond, layout_misc_corridors, uniq_rupert

Skill      XL: |  1  2  3  4  5  6  7  8  9 10 11 12 13 14 |
---------------+-------------------------------------------+-----
Fighting       | 1 2 3 4 5 7 8 10 | 10.9
Unarmed Combat | 3 4 5 6 7 9 10 12 13 | 13.6
Transmutations | 2 3 4 7 10 11 | 11.0
Dodging        | 2 3 4 |  4.8
Spellcasting   | 2 3 5 6 7 |  7.0
Shields        | 1 2 4 5 |  5.0
Evocations     | 1 2 3 4 |  4.0
Armour         | 1 4 5 7 |  7.0

Action                   |  1- 3 |  4- 6 |  7- 9 | 10-12 | 13-15 || total
-------------------------+-------+-------+-------+-------+-------++-------
Melee: Unarmed           |   125 |   280 |   611 |   779 |   451 ||  2246
       Headbutt          |    16 |    45 |    70 |    38 |       ||   169
       Punch             |     1 |     6 |    21 |    34 |    31 ||    93
       Kick              |     4 |       |       |       |       ||     4
Throw: Tomahawk          |       |       |       |     1 |       ||     1
 Cast: Beastly Appendage |    21 |    27 |    52 |    22 |       ||   122
       Sticks to Snakes  |     2 |    13 |    19 |     5 |    12 ||    51
       Spider Form       |       |       |    24 |    13 |       ||    37
       Ice Form          |       |       |       |    18 |     4 ||    22
       Blade Hands       |       |       |       |    29 |    42 ||    71
Evoke: Wand              |       |       |     6 |     8 |     5 ||    19
  Use: Potion            |     1 |     2 |       |     3 |     7 ||    13
       Scroll            |       |       |     2 |    23 |     6 ||    31
 Stab: Sleeping          |     1 |     1 |     1 |       |       ||     3
       Distracted        |       |     1 |     1 |     1 |     4 ||     7
       Invisible         |       |       |       |     4 |       ||     4
       Paralysed         |       |       |       |     2 |       ||     2
       Confused          |       |       |       |     3 |       ||     3
  Eat: Chunk             |     2 |     7 |    22 |    58 |    39 ||   128
       Ration            |       |     1 |     2 |     5 |       ||     8
Armor: Robe              |    60 |   121 |    81 |       |       ||   262
       Skin              |       |       |    16 |    74 |     5 ||    95
       Leather armour    |       |       |    61 |   118 |   158 ||   337
Dodge: Dodged            |   103 |   219 |   394 |   685 |   426 ||  1827

Table legend:
 A = Non-vault XP
 B = Vault XP
 C = Vault XP percentage of total XP
 D = Non-vault monster count
 E = Vault monster count
 F = Vault count percentage of total count
                 A         B        C        D         E       F
            +---------+---------+-------+---------+---------+-------
      Total |   54943 |   34112 |  38.3 |     462 |     179 |  27.9
            +---------+---------+-------+---------+---------+-------
        D:1 |      41 |       0 |   0.0 |      24 |       0 |   0.0
        D:2 |     123 |       2 |   1.6 |      25 |       1 |   3.8
        D:3 |     179 |      34 |  16.0 |      36 |      11 |  23.4
        D:4 |     430 |     277 |  39.2 |      20 |      10 |  33.3
        D:5 |     854 |       0 |   0.0 |      27 |       0 |   0.0
        D:6 |    1535 |       0 |   0.0 |      31 |       0 |   0.0
        D:7 |     526 |       0 |   0.0 |      24 |       0 |   0.0
        D:8 |    1310 |       0 |   0.0 |      27 |       0 |   0.0
        D:9 |    4393 |    2895 |  39.7 |      47 |      12 |  20.3
       D:10 |    3267 |      37 |   1.1 |      25 |       1 |   3.8
       D:11 |    7343 |    4777 |  39.4 |      40 |      22 |  35.5
     Lair:1 |    5923 |    2594 |  30.5 |      32 |       9 |  22.0
     Lair:2 |    2278 |    1577 |  40.9 |       9 |      19 |  67.9
     Lair:3 |    4372 |     702 |  13.8 |      17 |       9 |  34.6
     Lair:4 |    3546 |    1310 |  27.0 |      16 |       4 |  20.0
     Lair:5 |    9722 |    9674 |  49.9 |      29 |      41 |  58.6
     Lair:6 |    9101 |   10233 |  52.9 |      33 |      40 |  54.8
            +---------+---------+-------+---------+---------+-------
